 Dungeon Crawl Stone Soup version 0.30-b1-2-g02819fbbbe (webtiles) character file.

Game seed: 8543359718937157914

2291875 dondy the Acrobat (level 27, 224/228 HPs)
             Began as a Djinni Fire Elementalist on Aug 27, 2023.
             Was the Champion of Ashenzari.
             Escaped with the Orb
             ... and 4 runes on Aug 28, 2023!
             The game lasted 06:42:24 (73978 turns).

dondy the Acrobat (Djinni Fire Elementalist)       Turns: 73978, Time: 06:42:24

Health: 224/228    AC: 32    Str:  7    XL:     27
Gold:   10247      EV: 26    Int: 35    God:    Ashenzari [******] SH: 32 Dex: 15

rFire   + + +        s - +3 Elemental Staff {rElec rF+ rC+ AC+3, Melee, Cun} (curse)
rCold   + + +        p - +2 tower shield of the Pangnostic Moon {rC+ rF+, Fort, Cun} (curse)
rNeg    + + +        K - +0 troll leather armour of the Chained Planets {Regen+, Self, Evo} (curse)
rPois   ∞            H - +2 hat "Jealousy of Ashenzari" {Stlth+, Fort, Self} (curse)
rElec   +            a - scarf of Supernal Understanding {rC+ rF+, Self, Range} (curse)
rCorr   +            l - +2 pair of gloves of Panopticon {Melee, Self} (curse)
SInv    +            (boots unavailable)
Will    ++++.        J - amulet "Revealing Regret" {Reflect SH+5, Melee, Fort} (curse)
Stlth   +++          A - ring "Mantic Liberalism" {Will+ AC+4 Stlth+, Cun, Self} (curse)
HPRegen 1.38/turn    O - ring "Share My Dismay" {Drain rCorr AC+4 Int+5, Self, Melee} (curse)
MPRegen 0.00/turn

%: reflection, clarity
@: lich-form, flying, studying 2 skills
A: draining attack, torment immunity, no potions, flying, sickness immunity,
fire resistance 2, cold vulnerability 1, float, innate caster, HP casting, extra
vitality 1
0: Orb of Zot
}: 4/15 runes: decaying, serpentine, slimy, silver
a: End Transformation, Renounce Religion, Shatter the Chains


You escaped.
You worshipped Ashenzari.
Ashenzari was exalted by your worship.
You were an undead lich.
You visited 12 branches of the dungeon, and saw 56 of its levels.
You also visited: Trove, Gauntlet and Ice Cave.

You collected 11798 gold pieces.
You spent 1551 gold pieces at shops.

Inventory:

Hand Weapons
 s - the cursed +3 Elemental Staff (weapon) {rElec rF+ rC+ AC+3, Melee, Cun}
   (You bought it in a shop on level 2 of the Elven Halls)

   It enhances your fire, ice, earth and air magic.
   AC:        It affects your AC (+3).
   rF:        It protects you from fire.
   rC:        It protects you from cold.
   rElec:     It insulates you from electricity.
   It has a curse which improves the following skills: Melee Combat: Short
   Blades, Long Blades, Axes, Maces & Flails, Polearms, Staves and Unarmed
   Combat.
   Cunning:   Dodging and Stealth.
 G - a +5 eudemon blade of holy wrath
Armour
 a - the cursed scarf of Supernal Understanding (worn) {rC+ rF+, Self, Range}
   (You found it in an ice cave)

   It has a curse which improves the following skills: Introspection: Fighting
   and Spellcasting.
   Ranged Combat: Ranged Weapons and Throwing.
 l - the cursed +2 pair of gloves of Panopticon (worn) {Melee, Self}
   (You found it on level 1 of the Swamp)

   It has a curse which improves the following skills: Melee Combat: Short
   Blades, Long Blades, Axes, Maces & Flails, Polearms, Staves and Unarmed
   Combat.
   Introspection: Fighting and Spellcasting.
 p - the cursed +2 tower shield of the Pangnostic Moon (worn) {rC+ rF+, Fort, Cun}
   (You took it off a vault guard on level 5 of the Vaults)

   It has a curse which improves the following skills: Fortitude: Armour and
   Shields.
   Cunning:   Dodging and Stealth.
 H - the cursed +2 hat "Jealousy of Ashenzari" (worn) {Stlth+, Fort, Self}
   (You acquired it on level 1 of the Lair of Beasts)

   It has a curse which improves the following skills: Fortitude: Armour and
   Shields.
   Introspection: Fighting and Spellcasting.
 I - the +4 dragonskin cloak
   (You took it off Tiamat on level 4 of the Realm of Zot)

   Avatar's Aegis: It grants the wearer a chance to resist fire, cold, poison,
   electricity, acid, and negative energy.
 K - the cursed +0 troll leather armour of the Chained Planets (worn) {Regen+, Self, Evo}
   (You found it on level 7 of the Dungeon)

   Regen:     It increases your rate of health regeneration.
   It has a curse which improves the following skills: Introspection: Fighting
   and Spellcasting.
   Evocations: Evocations.
Jewellery
 h - an amulet of regeneration
 A - the cursed ring "Mantic Liberalism" (left hand) {Will+ AC+4 Stlth+, Cun, Self}
   (You acquired it on level 5 of the Dungeon)

   [ring of protection]

   AC:        It affects your AC (+4).
   Will:      It increases your willpower.
   Stlth:     It makes you more stealthy.
   It has a curse which improves the following skills: Cunning: Dodging and
   Stealth.
   Introspection: Fighting and Spellcasting.
 J - the cursed amulet "Revealing Regret" (around neck) {Reflect SH+5, Melee, Fort}
   (You took it off a centaur on level 7 of the Dungeon)

   [amulet of reflection]

   It reflects blocked missile attacks.
   SH:        It affects your SH (+5).
   It has a curse which improves the following skills: Melee Combat: Short
   Blades, Long Blades, Axes, Maces & Flails, Polearms, Staves and Unarmed
   Combat.
   Fortitude: Armour and Shields.
 O - the cursed ring "Share My Dismay" (right hand) {Drain rCorr AC+4 Int+5, Self, Melee}
   (You found it on level 2 of the Depths)

   [ring of protection]

   AC:        It affects your AC (+4).
   Int:       It affects your intelligence (+5).
   rCorr:     It protects you from acid and corrosion.
   Drain:     It drains your maximum health when unequipped.
   It has a curse which improves the following skills: Introspection: Fighting
   and Spellcasting.
   Melee Combat: Short Blades, Long Blades, Axes, Maces & Flails, Polearms,
   Staves and Unarmed Combat.
 Q - the ring "Punkakhlu" {rElec Will+ MP-9 EV+5 Int+4}
   (You took it off a red draconian on level 4 of the Realm of Zot)

   [ring of evasion]

   EV:        It affects your evasion (+5).
   Int:       It affects your intelligence (+4).
   rElec:     It insulates you from electricity.
   MP:        It affects your magic capacity (-9).
   Will:      It increases your willpower.
Wands
 i - a wand of flame (126)
 r - a wand of quicksilver (54)
 w - a wand of roots (62)
 P - a wand of charming (67)
 U - a wand of digging (6)
 V - a wand of mindburst (36)
 W - a wand of polymorph (21)
Scrolls
 e - 12 scrolls of poison
 m - 7 scrolls of fear
 u - 26 scrolls of teleportation
 x - 3 scrolls of silence
 y - 4 scrolls of magic mapping
 z - a scroll of enchant weapon
 B - 10 scrolls of immolation
 C - 12 scrolls of fog
 F - 6 scrolls of summoning
 R - a scroll of enchant armour
 S - 14 scrolls of blinking
Potions
 b - 11 potions of invisibility
 c - 11 potions of haste
 d - 24 potions of heal wounds
 g - 10 potions of might
 k - 7 potions of berserk rage
 q - 8 potions of brilliance
 t - 13 potions of mutation
 D - 4 potions of resistance
 E - 25 potions of curing
 L - 9 potions of cancellation
 N - 8 potions of lignification
 Z - 3 potions of ambrosia
Miscellaneous
 f - a piece from Xom's chessboard (15/15)
 j - a tin of tremorstones (2/2)
 n - a box of beasts
 o - a lightning rod (4/4)
 v - a phial of floods


   Skills:
 - Level 20.3(27) Fighting
 - Level 6.5(12.0) Staves
 - Level 22.7(27) Armour
 - Level 22.7(27) Dodging
 + Level 7.9(12.6) Stealth
 - Level 22.7(27) Shields
 - Level 21.7(27) Spellcasting
 - Level 9.5(12.0) Evocations


You knew the following spells:

 Your Spells              Type           Power      Damage    Failure   Level
a - Foxfire               Conj/Fire      100%       2x1d9     0%          1
b - Scorch                Fire           100%       2d9       0%          2
c - Volatile Blastmotes   Fire/Tloc      100%       2d18      0%          3
d - Inner Flame           Hex/Fire       100%       N/A       0%          3
e - Flame Wave            Conj/Fire      100%       2d21      0%          4
f - Summon Small Mammal   Summ           100%       N/A       0%          1
g - Poisonous Vapours     Pois/Air       100%       N/A       0%          2
h - Frozen Ramparts       Ice            100%       1d16      0%          3
i - Ozocubu's Armour      Ice            100%       N/A       0%          3
j - Fireball              Conj/Fire      75%        3d28      0%          5
k - Borgnjor's Vile Clut  Necr/Erth      88%        N/A       0%          5
l - Summon Cactus Giant   Summ           62%        N/A       0%          6
m - Plasma Beam           Fire/Air       88%        2x1d116   0%          6
n - Dragon Form           Tmut           62%        N/A       0%          7
o - Necromutation         Tmut/Necr      75%        N/A       1%          8
p - Spellforged Servitor  Conj/Summ      62%        N/A       0%          7
q - Summon Horrible Thin  Summ           62%        N/A       1%          8
r - Chain Lightning       Conj/Air       75%        3d100     1%          9
Your spell library was empty.

Dungeon Overview and Level Annotations

Branches:
Dungeon (15/15)            Temple (1/1) D:4            Lair (5/5) D:10
  Swamp (4/4) Lair:2        Snake (4/4) Lair:3        Slime (5/5) Lair:4
    Orc (2/2) D:12            Elf (3/3) Orc:2        Vaults (5/5) D:13
  Crypt (3/3) Vaults:2       Tomb (0/3) Crypt:3      Depths (4/4) D:15
    Zot (5/5) Depths:4      IceCv (visited)         Gauntlet (visited)

Altars:
Ashenzari
Cheibriados
Dithmenos
Elyvilon
Fedhas
Gozag
Hepliaklqana
Makhleb
Nemelex Xobeh
Okawaru
Qazlal
Ru
Trog
Uskayaw
Wu Jian
Xom
Yredelemnul
Zin
The Shining One
Jiyva

Shops:
D:14 :   Orc:1 ?   Orc:2 *([*[   Elf:1 *   Elf:2 (=*?[   Elf:3 [   Snake:4 !
Vaults:4 (   Depths:3 =?[*[   Depths:4 *((

Portals:
Hell: Depths:1 Depths:2 Depths:3 Depths:4
Abyss: Depths:1 Depths:3
Pandemonium: Depths:2
Ziggurat: Depths:1


Innate Abilities, Weirdness & Mutations

You are an undead lich.
Your unarmed attacks are suffused with negative energy.
You are immune to unholy pain and torment.
Your necromantic spells are more powerful.
You cannot drink.
You are flying.
You are immune to sickness and miasma.
You are immune to poison.
Your flesh is very heat resistant. (rF++)
You are vulnerable to cold. (rC-)
You float through the air rather than walking.
You learn spells naturally, not from books.
Your magical power is your life essence.
You have superior vitality. (+4 MHP)


Message History

You kill the orange demon!
There is a stone staircase leading up here.
Casting: Plasma Beam (safe; 0% risk of failure)
Confirm with . or Enter, or press ? or * to list all spells.
You feel a surge of power!
You extend your transformation's duration.
You fly upwards.
There is a stone staircase leading down here.
HP restored.
A toenail golem comes into view.
You feel a strong surge of power!
The bolt of lightning hits the toenail golem!!
The toenail golem resists.
The toenail golem is moderately damaged.
The fiery plasma hits the toenail golem!!
The toenail golem resists.
The toenail golem is severely damaged.
You feel a strong surge of power!
The bolt of lightning hits the toenail golem.
The toenail golem resists.
The toenail golem is severely damaged.
The fiery plasma misses the toenail golem.
You feel a strong surge of power!
The bolt of lightning hits the toenail golem!!!
The toenail golem resists.
You destroy the toenail golem!
(D) Dungeon (T) Temple (L) Lair (S) Swamp (P) Snake Pit (M) Slime Pits (O) Orcish Mines (E) Elven Halls (V) Vaults (C) Crypt (W) Tomb (U) Depths (H) Hell (Z) Zot
Where to? (Enter - D:1 @ (x,y), ? - help)
You reach down and open the door.
There is an open door here.
There is an open door here.
There is an open door here.
There is a staircase leading out of the dungeon here.
Casting: Plasma Beam (safe; 0% risk of failure)
Confirm with . or Enter, or press ? or * to list all spells.
You summon a servant imbued with your destructive magic!
You have escaped!

..{##...##.#.#.#.# #.#
#..##.#.'..#.....# #.#
..{##...##.############.#
...###..##.# #......#
...# ##.##.# ########
..## ####.# ##### ..#
####.# #...# #.#
###.##.###.#9# ..#
#...##..'..#L# ###
#.####.###.#.# #.'....#
#...# #####.####.# #####
...##...##.# #..####.##.#
##.#######.# #.........#
###########


You could see a friendly spellforged servitor (summoned).

Vanquished Creatures
  the Royal Jelly (Slime:5)
  8 dread liches
  Tiamat (Zot:4)
  4 ancient liches
  The ghost of Bivamium the Metallomancer, a master GrEE of Vehumet (Depths:1)
  Mara (Snake:4)
  Vv (Crypt:3)
  3 royal mummies (Depths:2)
  Parghit (Depths:4)
  Bai Suzhen (Snake:3)
  The ghost of Barukim the Bludgeoner, a legendary GnFi of Cheibriados (Zot:4)
  A Killer Klown (Zot:4)
  Margery (Vaults:3)
  5 curse toes
  Jory (Vaults:4)
  9 golden dragons
  A bone dragon (Zot:4)
  the Enchantress (Depths:3)
  4 electric golems
  2 hellephants (Depths:4)
  Zenata (Crypt:3)
  An Ice Fiend (Zot:5)
  20 Orb Guardians
  8 tentacled monstrosities
  3 deep elf blademasters (Elf:3)
  Mlioglotl (Snake:2)
  4 quicksilver dragons
  5 liches
  A pandemonium lord (D:11)
  A titan (Vaults:5)
  11 acid blobs
  6 deep elf master archers (Elf:3)
  12 ancient champions
  4 sphinxes
  3 death cobs
  Kirke (Lair:5)
  Agnes (D:15)
  A tengu reaver (Depths:4)
  5 nagarajas
  2 azure jellies
  A thorn hunter (Swamp:1)
  7 shadow dragons
  Roxanne (Elf:1)
  An azure jelly (shapeshifter) (Vaults:5)
  7 draconian monks
  4 revenants
  13 storm dragons
  A fenstrider witch (Swamp:3)
  14 rockslimes
  2 daevas
  7 draconian knights
  5 fire giants
  7 deep elf sorcerers
  7 frost giants
  Aizul (Snake:2)
  4 draconian scorchers
  9 vault wardens
  Louise (Swamp:3)
  7 ghouls
  A curse skull (Crypt:3)
  A cacodemon (D:13)
  5 spriggan defenders
  9 draconian shifters
  3 orc warlords
  7 quicksilver oozes
  2 deep elf elementalists (Elf:3)
  3 draconian annihilators
  7 draconian stormcallers
  A caustic shrike skeleton (Crypt:3)
  6 ghost moths
  3 war gargoyles
  3 ironbound thunderhulks
  15 very ugly things
  9 stone giants
  14 green draconians
  15 ironbound preservers
  3 deep elf annihilators
  6 vampire knights
  22 dire elephants
  3 deep elf demonologists
  5 eleionomae
  8 black draconians
  16 purple draconians
  6 yellow draconians
  The ghost of Kokhlaf the Eclecticist, a journeyman DECj of Kikubaaqudgha (D:13)
  2 spark wasps (Depths:3)
  11 bunyips
  8 white draconians
  8 red draconians
  2 minotaurs
  3 eidola
  7 ettins
  6 deep elf death magi
  2 mummy priests (Depths:2)
  4 crystal guardians
  3 merfolk javelineers
  12 fire dragons
  11 yaktaur captains
  4 deep elf high priests
  3 entropy weavers
  2 merfolk impalers
  A caustic shrike simulacrum (IceCv)
  22 vault guards (Vaults:5)
  3 shambling mangroves
  A rakshasa (Depths:2)
  4 peacekeepers
  A hydra (shapeshifter) (Vaults:5)
  3 anacondas
  10 great orbs of eyes
  2 ogre magi (Vaults:3)
  10 spriggan air magi
  18 hydras
  2 salamander tyrants
  7 ironbound frosthearts
  2 spriggan skeletons
  13 centaur warriors
  A merfolk avatar (Lair:5)
  5 ice dragons
  3 death knights
  28 dancing weapons
  4 boulder beetles
  2 two-headed ogres
  8 deep troll shamans
  5 deep troll earth magi
  A fenstrider witch skeleton (Crypt:1)
  3 vampire magi
  15 naga warriors
  10 naga sharpshooters
  4 tengu warriors
  20 hell knights
  8 hell hogs (Depths:4)
  6 alligators
  2 orc high priests (Orc:2)
  6 spriggan berserkers
  8 shock serpents
  A soul eater (Crypt:1)
  An emperor scorpion zombie (Crypt:1)
  4 iron trolls
  A fire crab (Gauntlet)
  A titan skeleton (Crypt:3)
  23 deep elf knights
  2 skysharks (Lair:5)
  A sixfirhy (Depths:1)
  35 skeletal warriors
  A shadow wraith (Crypt:2)
  7 salamander mystics
  5 goliath frogs
  2 flayed ghosts (Crypt:3)
  5 bog bodies
  2 glowing orange brains
  A spriggan simulacrum (Crypt:1)
  38 deep trolls
  3 spriggan druids (Swamp:3)
  A bunyip skeleton (Crypt:1)
  15 deep elf archers
  Pikel (D:8)
  A harpy (shapeshifter) (D:13)
  A tengu zombie (Vaults:3)
  2 obsidian statues
  10 swamp dragons
  10 lindwurms
  11 naga ritualists
  19 ironbound convokers
  10 phantasmal warriors
  15 necromancers
  14 orc knights
  9 wizards
  2 harpies (Lair:5)
  A stone giant zombie (Vaults:3)
  36 deep elf pyromancers
  24 deep elf zephyrmancers
  6 shining eyes
  5 mana vipers
  7 manticores
  41 ugly things
  5 orc sorcerers
  6 will-o-the-wisps
  18 moths of wrath
  4 cyclopes
  A toenail golem (D:1)
  15 elephants
  An apocalypse crab (Gauntlet)
  15 vault sentinels
  A fire giant skeleton (Crypt:1)
  Maurice (D:10)
  9 salamanders
  21 black mambas
  A goliath frog skeleton (Crypt:2)
  A stone giant skeleton (Crypt:3)
  A shock serpent zombie (Crypt:2)
  An eye of devastation (shapeshifter) (Depths:1)
  An ice statue (D:14)
  3 naga zombies
  2 eyes of devastation
  8 gargoyles
  19 naga magi
  An orange demon (D:2)
  A centaur skeleton (Crypt:1)
  A torpor snail (Lair:3)
  7 cane toads
  2 unseen horrors (D:12)
  5 ice devils
  28 yaktaurs
  A spark wasp simulacrum (Depths:3)
  4 kobold demonologists
  8 rime drakes
  An efreet (D:12)
  25 freezing wraiths
  A yaktaur zombie (Vaults:3)
  A death yak skeleton (Crypt:3)
  2 tormentors
  7 komodo dragons
  A golden dragon simulacrum (Depths:3)
  An unseen horror zombie (Crypt:3)
  A yaktaur (shapeshifter) (D:13)
  A hydra zombie (Crypt:1)
  2 anaconda simulacra (IceCv)
  A sea snake skeleton (Crypt:3)
  A red devil (Zot:5)
  3 bloated husks
  4 tengu conjurers
  A grey draconian skeleton (Crypt:1)
  An unseen horror skeleton (Crypt:3)
  3 harpy zombies (Crypt:1)
  A shadow dragon simulacrum (Depths:3)
  A catoblepas skeleton (Crypt:1)
  2 merfolk (shapeshifter)
  A wind drake (Lair:5)
  9 trolls
  13 hornets
  7 tyrant leeches
  2 polar bears (Lair:5)
  2 spectral guardian serpents (Crypt:3)
  12 dream sheep (Lair:5)
  A hornet (shapeshifter) (Elf:1)
  A harpy skeleton (Crypt:2)
  A snapping turtle (Lair:5)
  Sigmund (D:2)
  6 flying skulls
  5 dire elephant simulacra
  A slime creature (shapeshifter) (Vaults:5)
  3 air elementals
  An ettin skeleton (Crypt:1)
  A jumping spider (shapeshifter) (Vaults:5)
  118 slime creatures
  15 spriggans
  2 shadows (D:10)
  A culicivora (shapeshifter) (Depths:4)
  3 wyverns
  A black mamba skeleton (Crypt:2)
  7 water elementals
  32 yaks
  A human (shapeshifter) (D:13)
  8 wraiths
  3 basilisks
  A fire bat (Gauntlet)
  7 golden eyes
  2 hogs (Lair:5)
  7 redbacks
  2 neqoxecs (D:13)
  2 fire elementals
  A yaktaur simulacrum (Vaults:3)
  8 vampire mosquitoes
  2 harpy simulacra (IceCv)
  39 nagas
  3 steam dragons
  2 wargs
  A minotaur simulacrum (IceCv)
  15 swamp worms
  A two-headed ogre zombie (Crypt:1)
  2 acid dragons
  A faun skeleton (Crypt:1)
  7 water moccasins
  A hydra simulacrum (IceCv)
  A human zombie (Depths:3)
  20 orc warriors
  A cane toad skeleton (Crypt:1)
  7 swamp drakes
  4 alligator simulacra (IceCv)
  A black bear (D:7)
  2 sky beasts (D:7)
  2 ettin simulacra (IceCv)
  3 ogres
  18 wolves
  A blink frog zombie (Crypt:3)
  8 centaurs
  A dream sheep skeleton (Crypt:2)
  4 phantoms
  A swamp dragon skeleton (Crypt:1)
  2 lemures (D:8)
  8 kobold brigands
  10 bullfrogs
  A small abomination (D:11)
  2 necrophages
  A gnoll sergeant (Orc:2)
  A scorpion (shapeshifter) (D:13)
  6 scorpions
  A deep troll simulacrum (IceCv)
  A human skeleton (Vaults:3)
  3 earth elementals
  A wyvern skeleton (Crypt:2)
  A water moccasin zombie (Crypt:2)
  6 wights
  A lindwurm simulacrum (IceCv)
  11 killer bees (D:10)
  A warg skeleton (Crypt:2)
  5 howler monkeys
  4 electric eels
  6 hounds
  Crazy Yiuf (D:2)
  16 orc priests
  21 orc wizards
  An iguana (D:5)
  A killer bee zombie (Crypt:3)
  A sky beast zombie (Crypt:2)
  4 gnolls (D:4)
  7 adders
  A shadow imp (D:7)
  3 white imps
  4 ufetubi
  A worm (D:2)
  3 dart slugs
  75 orcs
  A bat (D:1)
  9 endoplasms
  4 giant cockroaches
  2 goblins (D:1)
  3 hobgoblins
  7 jackals
  19 kobolds
  2 quokkas
  A ball python (D:1)
  A goblin skeleton (D:8)
  A kobold skeleton (Crypt:3)
  An orc skeleton (Crypt:1)
  A rat (shapeshifter) (D:13)
  3 rats
  A bush (Lair:4)
2068 creatures vanquished.

Vanquished Creatures (collateral kills)
  A dread lich (Vaults:5)
  6 orbs of fire
  2 ancient liches (Zot:5)
  3 Killer Klowns (Zot:5)
  7 golden dragons
  A lich (IceCv)
  8 tentacled monstrosities
  A Hell Sentinel (D:14)
  13 Orb Guardians
  3 titans (Vaults:5)
  6 quicksilver dragons
  The ghost of Kare Xaoge the Bludgeoner, an adept DgTm (Vaults:1)
  10 acid blobs
  3 death cobs
  A sphinx (Vaults:5)
  2 tengu reavers (Vaults:5)
  An Executioner (Zot:2)
  4 shadow dragons
  7 storm dragons
  5 azure jellies
  7 rockslimes
  4 draconian monks
  2 draconian knights
  2 frost giants (Vaults:5)
  A curse skull (Crypt:3)
  3 vault wardens
  2 draconian scorchers
  3 draconian shifters
  41 slime creatures
  2 war gargoyles (Vaults:5)
  4 ironbound preservers
  5 quicksilver oozes
  2 orc warlords (Vaults:4)
  A demonspawn blood saint (D:3)
  A draconian annihilator (Zot:5)
  2 draconian stormcallers
  2 stone giants (Vaults:5)
  3 very ugly things
  An ironbound thunderhulk (Vaults:4)
  4 green draconians
  4 black draconians
  4 yellow draconians
  7 red draconians
  2 deep elf annihilators
  5 dire elephants (Vaults:4)
  5 white draconians
  7 purple draconians
  4 ettins (Vaults:5)
  A deep elf death mage (Vaults:5)
  3 fire dragons (Zot:4)
  A crystal guardian (Vaults:2)
  A merfolk javelineer (Vaults:1)
  4 yaktaur captains
  A quicksilver dragon skeleton (Crypt:3)
  2 vault guards (Vaults:5)
  A hydra (D:13)
  2 ogre magi (Vaults:5)
  5 great orbs of eyes
  4 ice dragons (Zot:4)
  A peacekeeper (Vaults:4)
  3 anacondas (Snake:1)
  4 boulder beetles
  5 two-headed ogres
  2 dancing weapons (Elf:2)
  2 naga warriors
  2 hell hogs (Depths:4)
  A tengu warrior (D:14)
  A shock serpent (Snake:3)
  An orc high priest (Orc:2)
  A deep elf knight (Elf:1)
  A hell knight (Vaults:5)
  A skeletal warrior (Crypt:3)
  9 deep trolls
  An orc knight (Vaults:4)
  4 phantasmal warriors (Vaults:5)
  A glowing orange brain (Slime:5)
  3 naga ritualists (Snake:1)
  A deep elf zephyrmancer (Elf:3)
  A necromancer (Vaults:5)
  An ironbound convoker (Vaults:4)
  2 swamp dragons (Zot:4)
  4 mana vipers (Snake:1)
  A deep elf pyromancer (Elf:3)
  3 shining eyes (Slime:4)
  An ugly thing (D:14)
  A manticore (D:12)
  2 orc sorcerers (Orc:2)
  2 cyclopes
  7 moths of wrath
  3 naga magi
  3 vault sentinels
  5 black mambas (Snake:1)
  A smoke demon (D:6)
  An eye of devastation (Slime:4)
  An orange demon (Zot:2)
  5 freezing wraiths
  A stone giant simulacrum (Crypt:3)
  A spriggan (Depths:3)
  An air elemental (Elf:2)
  2 wraiths
  A shadow (D:12)
  An ettin skeleton (Crypt:3)
  A vampire (D:13)
  A fire elemental (Elf:2)
  A fire bat (Gauntlet)
  3 golden eyes
  A vampire mosquito (D:12)
  6 nagas
  A naga zombie (Crypt:3)
  An orc warrior (Orc:2)
  A meliai simulacrum (D:14)
  3 ogres (Vaults:5)
  An ettin simulacrum (IceCv)
  A centaur (D:13)
  A basilisk zombie (Crypt:3)
  An orc (D:14)
  An endoplasm (D:1)
  A foxfire (Lair:3)
  A spectral weapon (Snake:3)
361 creatures vanquished.

Vanquished Creatures (others)
  A draconian knight (Zot:1)
  A ghost moth (Zot:5)
  An unseen horror (D:12)
  2 humans (Lair:5)
  A swamp drake (Swamp:4)
  A wolf (Lair:5)
  An orc (Orc:1)
  7 demonic plants (Gauntlet)
  475 foxfires
  25 fungi
  75 plants
  4 toadstools (Depths:1)
  28 withered plants (Crypt:3)
622 creatures vanquished.

Grand Total: 3051 creatures vanquished

Notes
Turn   | Place    | Note
-------+----------+-------------------------------------------
     0 | D:1      | dondy the Djinni Fire Elementalist began the quest for the
                  | Orb.
     0 | D:1      | dondy set off with the following spells memorised: Foxfire,
                  | Scorch, Volatile Blastmotes, Inner Flame, Flame Wave.
     0 | D:1      | Reached XP level 1. HP: 15/15 MP: 0/0
   278 | D:1      | Reached XP level 2. HP: 19/21 MP: 0/0
   592 | D:1      | Reached XP level 3. HP: 25/25 MP: 0/0
   592 | D:1      | Learned a level 1 spell: Summon Small Mammal
  1082 | D:2      | Found a runed translucent door.
  1083 | D:2      | Noticed Crazy Yiuf
  1089 | D:2      | Killed Crazy Yiuf
  1090 | D:2      | Reached XP level 4. HP: 25/31 MP: 0/0
  1254 | D:2      | Noticed Sigmund
  1266 | D:2      | Killed Sigmund
  1267 | D:2      | Reached skill level 5 in Spellcasting
  1267 | D:2      | Reached XP level 5. HP: 23/35 MP: 0/0
  1267 | D:2      | Learned a level 2 spell: Poisonous Vapours
  1267 | D:2      | Reached XP level 6. HP: 26/40 MP: 0/0
  2366 | D:4      | Identified the +1 ring mail "Juzillat" {rCorr MP+9 Dex-4
                  | Slay+2}
  2460 | D:4      | Reached XP level 7. HP: 39/45 MP: 0/0
  2460 | D:4      | Learned a level 3 spell: Frozen Ramparts
  2551 | D:4      | Found a staircase to the Ecumenical Temple.
  2557 | Temple   | Entered the Ecumenical Temple
  2577 | Temple   | Became a worshipper of Ashenzari the Shackled
  3306 | D:5      | Entered Level 5 of the Dungeon
  3425 | D:5      | Reached XP level 8. HP: 30/50 MP: 0/0
  3519 | D:5      | Noticed a yak
  3520 | D:5      | Noticed a yak
  3521 | D:5      | Noticed a yak
  3524 | D:5      | Killed a yak
  3526 | D:5      | Killed a yak
  3529 | D:5      | Killed a yak
  3874 | D:5      | Reached * piety under Ashenzari
  3874 | D:5      | Identified a scroll of acquirement
  3875 | D:5      | Acquired the ring of Jeirchu {Will+ AC+4 Stlth+}
  3917 | D:5      | Reached XP level 9. HP: 52/55 MP: 0/0
  3917 | D:5      | Learned a level 3 spell: Ozocubu's Armour
  4120 | D:6      | Reached skill level 1 in Fighting
  4424 | D:6      | Reached ** piety under Ashenzari
  4786 | D:6      | Found a shadowy altar of Dithmenos.
  4786 | D:6      | Found a blossoming altar of Fedhas.
  5300 | D:7      | Reached *** piety under Ashenzari
  5474 | D:7      | Reached XP level 10. HP: 56/67 MP: 0/0
  5538 | D:7      | Reached skill level 10 in Spellcasting
  5550 | D:7      | Noticed a purple ugly thing
  5645 | D:7      | Killed a purple ugly thing
  6812 | D:8      | Reached **** piety under Ashenzari
  7163 | D:8      | Noticed a kobold demonologist
  7164 | D:8      | Noticed a kobold demonologist
  7173 | D:8      | Killed a kobold demonologist
  7175 | D:8      | Killed a kobold demonologist
  7176 | D:8      | Reached XP level 11. HP: 55/73 MP: 0/0
  7176 | D:8      | Learned a level 5 spell: Fireball
  7433 | D:8      | Found a runed translucent door.
  7433 | D:8      | Noticed Pikel
  7442 | D:8      | Killed Pikel
  7579 | D:8      | Identified the Exposition on the Scorpion and
                  | Correspondence (You found it on level 4 of the Dungeon)
  7583 | D:8      | Found a basalt altar of Yredelemnul.
  7744 | D:9      | Noticed a two-headed ogre
  7750 | D:9      | Killed a two-headed ogre
  8258 | D:9      | Found a sparkling altar of Nemelex Xobeh.
  8717 | D:10     | Entered Level 10 of the Dungeon
  8926 | D:10     | Found an opulent altar of Gozag.
  8984 | D:10     | Noticed an elephant
  8992 | D:10     | Killed an elephant
  8993 | D:10     | Reached skill level 5 in Dodging
  9225 | D:10     | Found a staircase to the Lair.
  9484 | D:10     | Reached ***** piety under Ashenzari
  9493 | D:10     | Noticed Maurice
  9501 | D:10     | Killed Maurice
  9749 | D:10     | Identified the ring of Pets {rC+ Dex+4 SInv}
 10147 | D:11     | Noticed a manticore
 10152 | D:11     | Killed a manticore
 10153 | D:11     | Reached XP level 12. HP: 52/83 MP: 0/0
 10268 | D:11     | Noticed a two-headed ogre
 10277 | D:11     | Killed a two-headed ogre
 10478 | D:11     | Noticed a centaur warrior
 10481 | D:11     | Killed a centaur warrior
 10707 | D:11     | Found a hazy altar of Hepliaklqana.
 10977 | Lair:1   | Entered Level 1 of the Lair of Beasts
 11225 | Lair:1   | Acquired a +2 hat of stealth
 11964 | Lair:2   | Found a staircase to the Swamp.
 12797 | Lair:3   | Reached skill level 5 in Fighting
 13014 | Lair:3   | Found a staircase to the Snake Pit.
 13283 | Lair:3   | Reached XP level 13. HP: 83/92 MP: 0/0
 13283 | Lair:3   | Learned a level 5 spell: Borgnjor's Vile Clutch
 13287 | Lair:3   | Noticed a seven-headed hydra
 13294 | Lair:3   | Killed a seven-headed hydra
 13534 | Lair:3   | Reached skill level 15 in Spellcasting
 14627 | Lair:4   | Identified the +2 war axe of the Viper {freeze, Fragile rN+
                  | Str+2}
 14632 | Lair:4   | Found a staircase to the Slime Pits.
 14633 | Lair:4   | Found a viscous altar of Jiyva.
 15423 | Lair:4   | Identified the ring of Yesterday {rPois rN+ SInv}
 15662 | Lair:5   | Entered Level 5 of the Lair of Beasts
 16367 | Lair:5   | Noticed a four-headed hydra
 16368 | Lair:5   | Noticed a dire elephant
 16370 | Lair:5   | Killed a four-headed hydra
 16371 | Lair:5   | Reached skill level 1 in Armour
 16378 | Lair:5   | Killed a dire elephant
 16384 | Lair:5   | Reached XP level 14. HP: 45/103 MP: 0/0
 16556 | Lair:5   | Identified the ring "Haleiz" {Fire Will++}
 16558 | Lair:5   | Noticed Kirke
 16567 | Lair:5   | Killed Kirke
 17012 | Lair:5   | Identified the staff of air "Hail" {rElec rPois Dex+3}
 17012 | Lair:5   | Identified the +1 rapier "Suabbios" {drain, Dex+5}
 17587 | D:12     | Found a staircase to the Orcish Mines.
 17849 | D:12     | Identified the staff of cold "Hijie" {*Corrode rElec rC+
                  | Will+}
 17851 | D:12     | Noticed a storm dragon
 18347 | D:12     | Killed a storm dragon
 18893 | D:12     | Reached XP level 15. HP: 108/112 MP: 0/0
 18893 | D:12     | Learned a level 6 spell: Summon Cactus Giant
 19364 | D:12     | Identified Efyugu's Secrets of Transmutation
 19607 | D:13     | Reached skill level 1 in Shields
 19747 | D:13     | Found a gate to the Vaults.
 20088 | D:13     | Found a runed translucent gate.
 20089 | D:13     | Found a runed translucent gate.
 20089 | D:13     | Found a runed translucent gate.
 20788 | D:14     | Found a gate leading to a gauntlet.
 20793 | Gauntlet | Entered a Gauntlet
 20793 | Gauntlet | Found a transporter.
 20793 | Gauntlet | Found a transporter.
 20793 | Gauntlet | Found a transporter.
 20802 | Gauntlet | Found a transporter.
 20817 | Gauntlet | Found a transporter.
 20832 | Gauntlet | Found a transporter.
 20837 | Gauntlet | Found a transporter.
 20852 | Gauntlet | Found a transporter.
 20893 | Gauntlet | Identified the Handbook of a Thousand Songs
 20940 | Gauntlet | Found a transporter.
 20964 | Gauntlet | Identified the Quarto of Ceraunoscopy
 21097 | D:14     | Found a frozen archway.
 21110 | IceCv    | Entered an ice cave
 21129 | IceCv    | Reached ****** piety under Ashenzari
 21241 | IceCv    | Noticed a white very ugly thing
 21248 | IceCv    | Killed a white very ugly thing
 21360 | IceCv    | Reached XP level 16. HP: 108/124 MP: 0/0
 21624 | IceCv    | Found the +8 frozen axe "Frostbite" {freeze, freezing
                  | cloud, *Noise Fly rC+}
 21769 | IceCv    | Noticed a lich
 21784 | IceCv    | Killed a lich
 22254 | D:14     | Found a sparkling altar of Nemelex Xobeh.
 22333 | D:14     | Found Ypsoiph's Book Emporium.
 22689 | D:14     | Identified the +0 leather armour "Ruqic" {+Inv}
 22988 | Orc:1    | Entered Level 1 of the Orcish Mines
 23067 | Orc:1    | Found Biduse Onaes's Magic Scroll Boutique.
 23072 | Orc:1    | Bought a scroll of teleportation for 39 gold pieces
 23477 | Orc:2    | Entered Level 2 of the Orcish Mines
 23635 | Orc:2    | Found a staircase to the Elven Halls.
 23720 | Orc:2    | Found Cohumour's General Store.
 23977 | Orc:2    | Found Goavumei's Armour Boutique.
 23977 | Orc:2    | Found Itass's Antique Weapon Boutique.
 23978 | Orc:2    | Found Veseif's General Store.
 23992 | Orc:2    | Found Vuzaun's Antique Armour Shoppe.
 24415 | Snake:1  | Entered Level 1 of the Snake Pit
 25123 | Snake:1  | Reached XP level 17. HP: 129/130 MP: 0/0
 25123 | Snake:1  | Learned a level 6 spell: Plasma Beam
 25158 | Snake:1  | Identified the Octavo of the Iron Escort
 25219 | Snake:1  | Identified Ynkezod's Elucidation of Crystal
 25895 | Snake:2  | Noticed Mlioglotl
 25904 | Snake:2  | Killed Mlioglotl
 26099 | Snake:2  | Noticed Aizul
 26105 | Snake:2  | Killed Aizul
 26970 | Snake:3  | Noticed Bai Suzhen
 26992 | Snake:3  | Killed Bai Suzhen
 28138 | Snake:4  | Entered Level 4 of the Snake Pit
 28154 | Snake:4  | Found Resutut's Distillery.
 28248 | Snake:4  | Reached XP level 18. HP: 113/136 MP: 0/0
 28619 | Snake:4  | Found an opulent altar of Gozag.
 29022 | Snake:4  | Reached skill level 10 in Dodging
 29241 | Snake:4  | Noticed Mara
 29252 | Snake:4  | Killed Mara
 29353 | Snake:4  | Got a serpentine rune of Zot
 29780 | Swamp:1  | Entered Level 1 of the Swamp
 30318 | Swamp:1  | Identified the +1 broad axe "Gonatirr" {spect, rF+ rC-
                  | rCorr Dex+2}
 30490 | Swamp:2  | Reached skill level 5 in Shields
 30562 | Swamp:2  | Reached skill level 10 in Fighting
 30650 | Swamp:2  | Reached XP level 19. HP: 102/143 MP: 0/0
 30650 | Swamp:2  | Learned a level 7 spell: Dragon Form
 31114 | Swamp:2  | Identified the +6 morningstar of Resourcefulness {venom,
                  | rElec Will+}
 31220 | Swamp:3  | Noticed Louise
 31328 | Swamp:3  | Killed Louise
 31875 | Swamp:4  | Entered Level 4 of the Swamp
 32362 | Swamp:4  | Got a decaying rune of Zot
 32812 | D:15     | Entered Level 15 of the Dungeon
 32816 | D:15     | Noticed Agnes
 32818 | D:15     | Killed Agnes
 32833 | D:15     | Reached skill level 5 in Stealth
 33211 | D:15     | Found a staircase to the Depths.
 33383 | Depths:1 | Entered Level 1 of the Depths
 33400 | Depths:1 | Found a transporter.
 33400 | Depths:1 | Noticed Bivamium's ghost (master GrEE)
 33438 | Depths:1 | Identified the Handbook of Gritty Power
 33598 | Depths:1 | Found a stormy altar of Qazlal.
 33612 | Depths:1 | Noticed a lich
 33615 | Depths:1 | Killed a lich
 33802 | Depths:1 | Found a gateway to Hell.
 33808 | Depths:1 | Found a one-way gate to the infinite horrors of the Abyss.
 33818 | Depths:1 | Reached XP level 20. HP: 155/160 MP: 0/0
 33983 | Depths:1 | Found a transporter.
 34066 | Depths:1 | Found a one-way gateway to a ziggurat.
 34849 | Depths:2 | Found a one-way gate leading to the halls of Pandemonium.
 34901 | Depths:2 | Identified the ring "Ugec" {Drain rCorr AC+4 Int+5}
 34920 | Depths:2 | Found a sacrificial altar of Ru.
 35224 | Depths:2 | Identified the cursed scarf of Supernal Understanding {rC+
                  | rF+, Self, Range} (You found it in an ice cave)
 35224 | Depths:2 | Identified the cursed +2 pair of gloves of Panopticon
                  | {Melee, Self} (You found it on level 1 of the Swamp)
 35224 | Depths:2 | Identified the cursed +2 kite shield "Dismay of Ashenzari"
                  | {AC+3, Fort, Cun} (You took it off a naga warrior on level
                  | 3 of the Snake Pit)
 35224 | Depths:2 | Identified the cursed +0 troll leather armour of the
                  | Chained Planets {Regen+, Self, Evo} (You found it on level
                  | 7 of the Dungeon)
 35746 | Depths:2 | Noticed a royal mummy
 35754 | Depths:2 | Killed a royal mummy
 35755 | Depths:2 | Reached skill level 15 in Dodging
 35901 | Depths:2 | Noticed a royal mummy
 35905 | Depths:2 | Noticed a royal mummy
 35907 | Depths:2 | Killed a royal mummy
 35908 | Depths:2 | Reached XP level 21. HP: 135/172 MP: 0/0
 35908 | Depths:2 | Learned a level 8 spell: Necromutation
 35913 | Depths:2 | Killed a royal mummy
 36050 | Depths:2 | Found the +7 sceptre of Torment {pain, torment}
 36655 | Depths:2 | Found a portal to a secret trove of treasure.
 36844 | Depths:3 | Found Maxokoam's Jewellery Shop.
 37028 | Depths:3 | Noticed the Enchantress
 37047 | Depths:3 | Killed the Enchantress
 37440 | Depths:3 | Found a glowing golden altar of the Shining One.
 37442 | Depths:3 | Identified the staff of poison "Ydaohuc" {rElec rPois Will+
                  | Int-5}
 37524 | Depths:3 | Reached skill level 15 in Fighting
 37619 | Depths:3 | Found Cofikocy's General Store.
 37619 | Depths:3 | Found Buze's Antique Armour Shop.
 37620 | Depths:3 | Found Humnedwa's Antique Armour Boutique.
 37624 | Depths:3 | Found Roschud's Magic Scroll Shop.
 37633 | Depths:3 | Bought a pair of transparent gloves for 256 gold pieces
 37633 | Depths:3 | Identified the +2 pair of gloves of Posoedoi {rF+} (You
                  | bought it in a shop on level 3 of the Depths)
 38579 | D:13     | Found a runed translucent gate.
 38579 | D:13     | Found a runed translucent gate.
 38582 | D:13     | Noticed Kokhlaf's ghost (journeyman DECj)
 38586 | D:13     | Found a runed translucent gate.
 38625 | D:13     | Killed Kokhlaf's ghost
 38891 | Elf:1    | Entered Level 1 of the Elven Halls
 39292 | Elf:1    | Found Zyocousch's General Store.
 39511 | Elf:1    | Noticed Roxanne
 39530 | Elf:1    | Killed Roxanne
 39978 | Elf:2    | Paralysed by an air elemental for 1 turns
 39980 | Elf:2    | Reached XP level 22. HP: 114/184 MP: 0/0
 40165 | Elf:2    | Found Giemaben's Magic Scroll Shop.
 40212 | Elf:2    | Found Peufuhi's Jewellery Shop.
 40231 | Elf:2    | Found Neomumis's Armour Shop.
 40245 | Elf:2    | Found Pacwirom's Assorted Antiques.
 40259 | Elf:2    | Found Zuylim's Antique Weapon Emporium.
 40305 | Elf:2    | Bought the +3 Elemental Staff {rElec rF+ rC+ AC+3} for 1256
                  | gold pieces
 40305 | Elf:2    | Found the +3 Elemental Staff {rElec rF+ rC+ AC+3}
 40682 | Elf:2    | Found a huge runed translucent gate.
 40682 | Elf:2    | Found a huge runed translucent gate.
 40682 | Elf:2    | Found a huge runed translucent gate.
 40684 | Elf:2    | Found a huge runed translucent gate.
 40686 | Elf:2    | Found a huge runed translucent gate.
 40721 | Elf:2    | Paralysed by an air elemental for 1 turns
 41236 | Depths:4 | Entered Level 4 of the Depths
 41261 | Depths:4 | Found Xukhli's Antique Weapon Shoppe.
 41266 | Depths:4 | Found Matiadai's Antique Weapon Shoppe.
 41808 | Depths:4 | Found a gate to the Realm of Zot.
 41809 | Depths:4 | Noticed a golden dragon
 41826 | Depths:4 | Killed a golden dragon
 42026 | Depths:4 | Found Xoqesmomp's General Store.
 42363 | Depths:4 | Noticed Parghit
 42370 | Depths:4 | Killed Parghit
 42986 | Elf:3    | Entered Level 3 of the Elven Halls
 42986 | Elf:3    | Found Isoy's Antique Armour Shoppe.
 43113 | Elf:3    | Found the +2 pair of slick slippers {slick, slippery, EV+4}
 43493 | Elf:3    | Paralysed by an air elemental for 1 turns
 44219 | Elf:3    | Reached XP level 23. HP: 117/193 MP: 0/0
 44219 | Elf:3    | Learned a level 7 spell: Spellforged Servitor
 44567 | Elf:3    | Identified the amulet "Fumuviv" {Reflect rPois Str+4 Dex+4
                  | SH+5 SInv}
 44640 | Elf:3    | Identified the +1 longbow of Ilyonoola {heavy, rElec rPois
                  | rF- Stlth+}
 44720 | Elf:3    | Identified the +1 flail of Qosiz {speed, rC+}
 44735 | Elf:3    | Identified the +1 robe "Gahaal" {rElec rCorr Str-5}
 44798 | Elf:3    | Identified the +1 quarterstaff of Ewipne {flame, rF- Int+5}
 44798 | Elf:3    | Identified the Atlas of Apparitions and Death
 45747 | Vaults:1 | Entered Level 1 of the Vaults
 46748 | Vaults:1 | Found a runed translucent gate.
 46748 | Vaults:1 | Found a runed translucent gate.
 46748 | Vaults:1 | Found a runed translucent gate.
 46750 | Vaults:1 | Noticed Kare Xaoge's ghost (adept DgTm)
 46750 | Vaults:1 | Identified the +1 leather armour of a bailey {rPois}
 46815 | Vaults:1 | Found an iron altar of Okawaru.
 46948 | Vaults:2 | Identified the +4 sling "Stringbean" {antimagic, +Blink rC-
                  | rN++ Str-2}
 47124 | Vaults:2 | Reached XP level 24. HP: 197/206 MP: 0/0
 47481 | Vaults:2 | Found a staircase to the Crypt.
 47481 | Vaults:2 | Found a basalt altar of Yredelemnul.
 48000 | Vaults:3 | Reached skill level 5 in Armour
 48341 | Vaults:3 | Noticed Margery
 48353 | Vaults:3 | Killed Margery
 48954 | Vaults:3 | Reached skill level 1 in Staves
 48954 | Vaults:3 | Reached skill level 1 in Evocations
 49116 | Vaults:3 | Reached skill level 10 in Shields
 49794 | Vaults:4 | Reached XP level 25. HP: 213/214 MP: 0/0
 49794 | Vaults:4 | Learned a level 8 spell: Summon Horrible Things
 49922 | Vaults:4 | Noticed Jory
 49926 | Vaults:4 | Killed Jory
 49964 | Vaults:4 | Reached skill level 5 in Evocations
 50028 | Vaults:4 | Reached skill level 5 in Staves
 50728 | Vaults:4 | Found Luoduestal's Weapon Boutique.
 51295 | Crypt:1  | Entered Level 1 of the Crypt
 51500 | Crypt:1  | Identified the +4 ring mail of the Ant {Will+}
 54032 | Depths:2 | You paid a toll of 2 scrolls of acquirement to enter a
                  | treasure trove
 54033 | Trove    | Entered a treasure trove
 54038 | Trove    | Identified the scarf of Eternal Night {shadows, rPois
                  | Regen+ Slay+3}
 54038 | Trove    | Identified the ring of the Shining Light {rF+ Str-5 Int+6}
 54038 | Trove    | Identified the +0 helmet "Maleadghi" {+Inv rF+++ Int+3
                  | Stlth-}
 54038 | Trove    | Identified the +1 cloak of Hedge Wizardry {Will+ rCorr
                  | Slay+3}
 54783 | Crypt:3  | Entered Level 3 of the Crypt
 55067 | Crypt:3  | Noticed Zenata
 55069 | Crypt:3  | Killed Zenata
 55202 | Crypt:3  | Reached XP level 26. HP: 212/221 MP: 0/0
 55221 | Crypt:3  | Noticed Vv
 55263 | Crypt:3  | Reached skill level 10 in Armour
 55372 | Crypt:3  | Noticed a curse toe
 55378 | Crypt:3  | Killed a curse toe
 55489 | Crypt:3  | Killed Vv
 55664 | Crypt:3  | Found a staircase to the Tomb.
 55747 | Crypt:3  | Noticed a dread lich
 55747 | Crypt:3  | Noticed a dread lich
 55805 | Crypt:3  | Identified the staff of fire "Vonwirr" {rPois rF+ rC-
                  | Stlth+}
 55806 | Crypt:3  | Identified the ring "Idghegha" {Fly Will- rCorr Int+2}
 55806 | Crypt:3  | Identified the ring "Xoschyuqi" {rC+ Int+6}
 55806 | Crypt:3  | Identified the +6 war axe of Lust {freeze, +Blink rF++ rC-
                  | MP+9}
 56910 | Crypt:3  | Killed a dread lich
 56935 | Crypt:3  | Killed a dread lich
 57133 | Crypt:3  | Found a staircase to the Tomb.
 58535 | Vaults:5 | Entered Level 5 of the Vaults
 58627 | Vaults:5 | Noticed an ancient lich
 58637 | Vaults:5 | Noticed a dread lich
 58640 | Vaults:5 | Killed an ancient lich
 58643 | Vaults:5 | Killed a dread lich
 58657 | Vaults:5 | Reached skill level 15 in Shields
 58785 | Vaults:5 | Noticed a dread lich
 58793 | Vaults:5 | Killed a dread lich
 58916 | Vaults:5 | Identified the +8 great mace of the Thieving Penguin
                  | {chaos, rF- Int+6}
 58924 | Vaults:5 | Reached XP level 27. HP: 226/228 MP: 0/0
 58924 | Vaults:5 | Learned a level 9 spell: Chain Lightning
 59199 | Vaults:5 | Noticed a dread lich
 59202 | Vaults:5 | Killed a dread lich
 59212 | Vaults:5 | Identified the +5 eveningstar of Wyrd {venom, Will+}
 59393 | Vaults:5 | Got a silver rune of Zot
 59641 | Vaults:5 | Found the +3 Mad Mage's Maulers {Infuse+∞ VampMP -Cast}
 59733 | Vaults:5 | Identified the staff of poison "Duhused" {rPois rF+}
 59734 | Vaults:5 | Identified the +2 pair of boots of the Miller {MP+9}
 60062 | Vaults:5 | Noticed a dread lich
 60068 | Vaults:5 | Killed a dread lich
 60424 | Vaults:1 | Killed Kare Xaoge's ghost
 60832 | Slime:1  | Entered Level 1 of the Pits of Slime
 61242 | Slime:2  | Reached skill level 15 in Armour
 63170 | Slime:5  | Entered Level 5 of the Pits of Slime
 63310 | Slime:5  | Noticed the Royal Jelly
 63316 | Slime:5  | Killed the Royal Jelly
 63632 | Slime:5  | Identified the +7 shortbow "Bingo" {speed, Int+3}
 63633 | Slime:5  | Identified the +1 halberd "Rowopt" {spect, rPois rC+++
                  | rCorr Dex-4}
 63633 | Slime:5  | Identified the +1 plate armour "Cuum" {-Tele rF+++ Dex+5}
 63639 | Slime:5  | Got a slimy rune of Zot
 63655 | Slime:5  | Identified the +6 rapier of the Hammering Gods {pain,
                  | +Blink rC- SInv Stlth-}
 63657 | Slime:5  | Identified the +1 leather armour of Fuobes {Drain rPois
                  | Will+ rCorr}
 63657 | Slime:5  | Identified the +2 short sword of Xeopoz {pain, *Rage Int+3
                  | Dex+4 Stlth+}
 63658 | Slime:5  | Identified the +5 long sword of the Toothy God {freeze,
                  | Will+ MP+9 Int+2}
 63660 | Slime:5  | Identified the +8 scimitar "Killer Klown's Bane" {heavy,
                  | rPois rCorr Int-2 Dex+4}
 64564 | Zot:1    | Entered Level 1 of the Realm of Zot
 65200 | Zot:1    | Noticed an orb of fire
 65353 | Zot:1    | Killed an orb of fire
 66030 | Zot:2    | Noticed an orb of fire
 66522 | Zot:2    | Killed an orb of fire
 67955 | Zot:3    | Identified the +3 short sword "Juel" {drain, +Blink rN+}
 68448 | Zot:4    | Found a runed translucent gate.
 68448 | Zot:4    | Found a runed translucent gate.
 68448 | Zot:4    | Found a runed translucent gate.
 68458 | Zot:4    | Identified the ring "Punkakhlu" {rElec Will+ MP-9 EV+5
                  | Int+4}
 68461 | Zot:4    | Noticed Barukim's ghost (legendary GnFi)
 68543 | Zot:4    | Found the +6 arbalest "Damnation" {damnation}
 68872 | Zot:4    | Identified Feit's Grimoire of the Missiles
 68898 | Zot:4    | Found the +4 dragonskin cloak
 68898 | Zot:4    | Noticed Tiamat
 68905 | Zot:4    | Killed Tiamat
 68989 | Zot:4    | Identified the +0 dagger "Beetleslayer" {flame, rPois rF-
                  | rN+ Str+3}
 69038 | Zot:4    | Identified the +3 falchion of the Shore {freeze, rF+ Dex+4}
 69339 | Zot:4    | Noticed a Killer Klown
 69340 | Zot:4    | Killed a Killer Klown
 69743 | Zot:4    | Killed Barukim's ghost
 70372 | Depths:1 | Killed Bivamium's ghost
 70711 | Zot:5    | Entered Level 5 of the Realm of Zot
 70885 | Zot:5    | Found a transporter.
 70905 | Zot:5    | Found a transporter.
 70910 | Zot:5    | Found a transporter.
 70968 | Zot:5    | Found a transporter.
 71148 | Zot:5    | Identified the +2 sling "Diosoarph" {heavy, rCorr}
 71266 | Zot:5    | Noticed an ancient lich
 71267 | Zot:5    | Killed an ancient lich
 71281 | Zot:5    | Noticed an ancient lich
 71284 | Zot:5    | Killed an ancient lich
 71391 | Zot:5    | Noticed a dread lich
 71391 | Zot:5    | Noticed an orb of fire
 71436 | Zot:5    | Noticed an ancient lich
 71441 | Zot:5    | Killed a dread lich
 71443 | Zot:5    | Killed an ancient lich
 71508 | Zot:5    | Noticed an orb of fire
 71540 | Zot:5    | Killed an orb of fire
 71679 | Zot:5    | Noticed a Killer Klown
 71681 | Zot:5    | Noticed a Killer Klown
 71681 | Zot:5    | Killed a Killer Klown
 71681 | Zot:5    | Killed a Killer Klown
 71716 | Zot:5    | Noticed a dread lich
 71721 | Zot:5    | Killed a dread lich
 71830 | Zot:5    | Noticed an ancient lich
 71831 | Zot:5    | Killed an ancient lich
 71855 | Zot:5    | Killed an orb of fire
 72039 | Zot:5    | Noticed an ancient lich
 72040 | Zot:5    | Killed an ancient lich
 72084 | Zot:5    | Noticed a Killer Klown
 72086 | Zot:5    | Killed a Killer Klown
 72093 | Zot:5    | Noticed an orb of fire
 72141 | Zot:5    | Killed an orb of fire
 72244 | Zot:5    | Noticed an orb of fire
 72294 | Zot:5    | Killed an orb of fire
 72446 | Zot:5    | Noticed a dread lich
 72451 | Zot:5    | Killed a dread lich
 72997 | Zot:5    | Found a transporter.
 73021 | Zot:5    | Found a transporter.
 73149 | Zot:5    | Found a transporter.
 73167 | Zot:5    | Found a transporter.
 73362 | Zot:5    | Got the Orb of Zot
 73738 | D:11     | Noticed Gaus the pandemonium lord
 73740 | D:11     | Killed Gaus the pandemonium lord
 73978 | D:$      | Escaped with the Orb!

Illustrated notes

Levels and vault maps discovered:
D:1:      dpeg_arrival_renting, layout_loops_ring, minmay_unequal
D:2:      layout_basic, uniq_sigmund, uniq_crazy_yiuf_cottage
D:3:      layout_rooms, chequers_serial_rivers_small_3
D:4:      layout_basic, minmay_temple_entry_enclosed_plants,
          minmay_misc_feat_tower, minmay_bisected
D:5:      layout_rooms
D:6:      layout_gridville, mainiacjoe_overflow_large_starburst
D:7:      cheibrodos_fzero, layout_gridville, minmay_misc_feat_x
D:8:      layout_loops_ring, dk_yredelemnul_ordeal, uniq_pikel
D:9:      layout_basic, lemuel_round_altar, serial_curves, eino_curves_03,
          eino_curves_01
D:10:     layout_loops_cross, gammafunk_temple_overflow_wave,
          david_lair_generic, uniq_maurice
D:11:     layout_roguey, worldfamousw_hep_ancestral_shrine
D:12:     minmay_the_grid_square_5x5_5x5 [minmay_the_grid_square_5x5_longway,
          minmay_the_grid_square_5x5_bridge, minmay_the_grid_square_5x5_spiral,
          minmay_the_grid_square_5x5_z, minmay_the_grid_square_5x5_fat_x,
          minmay_the_grid_square_5x5_checkered_statues,
          minmay_the_grid_square_5x5_prize_monsterx,
          minmay_the_grid_square_5x5_three_small,
          minmay_the_grid_square_5x5_prize_snowflake,
          minmay_the_grid_square_5x5_minimal,
          minmay_the_grid_square_5x5_almost_minimal,
          minmay_the_grid_square_5x5_checkered,
          minmay_the_grid_square_5x5_prize_open,
          minmay_the_grid_square_5x5_bite, minmay_the_grid_square_5x5_plus,
          minmay_the_grid_square_5x5_three,
          minmay_the_grid_square_5x5_prize_junk,
          minmay_the_grid_square_5x5_corner,
          minmay_the_grid_square_5x5_prize_rear_guard,
          minmay_the_grid_square_5x5_checkered_sparse,
          minmay_the_grid_square_5x5_fancy_junction,
          minmay_the_grid_square_5x5_tie, minmay_the_grid_square_5x5_n,
          minmay_the_grid_square_5x5_mess, minmay_the_grid_square_5x5_empty],
          layout_loops_ring, orc_david_3
D:13:     layout_loops_ring, david_vaults_1,
          ploomutoo_gammafunk_ghost_potion_laboratory
D:14:     layout_loops_corners, nemelex_xobeh_ov_fountains_minmay,
          portal_ice_cave_entry_ice_statue_one, gauntlet_entry_generic,
          serial_shops, kennysheep_mini_moat
D:15:     grunt_enter_depths_hoard, layout_rooms,
          hangedman_abyss_or_decor_stabs, grunt_ministairs_13, uniq_agnes
Temple:   kb_temple_of_zot
Lair:1:   layout_cave_shapes
Lair:2:   layout_gridlike, minmay_swamp_entry_worms, dreamdust_mushroom_princess
Lair:3:   layout_gridlike, minmay_snake_entry_guardpost_small, basic_altar
Lair:4:   layout_small_grid, slime_entry_1, minmay_lair_drake_nest
Lair:5:   gammafunk_lair_ancient_temple, layout_hall_layers,
          infiniplex_staircase_pool_2, uniq_kirke
Swamp:1:  layout_falls_marsh, evilmike_swamp_ruin_house_5, swamp_pool4,
          nicolae_swamp_orc_logging_accident, infiniplex_staircase_pool
Swamp:2:  nicolae_swamp_decorative_isthmus, layout_falls_marsh,
          hangedman_swamp_cone
Swamp:3:  layout_basic_swamp, serial_swamp_ruin, evilmike_swamp_ruin_house_2,
          evilmike_swamp_ruin_house_1, uniq_louise
Swamp:4:  swamp, layout_basic_swamp
Snake:1:  layout_cave_pods, nicolae_snake_naga_rites, grunt_megastairs_2
Snake:2:  layout_cave_town, uniq_aizul, uniq_mlioglotl
Snake:3:  layout_layer_cave, uniq_bai_suzhen
Snake:4:  snake_pit, layout_gridlike, serial_shops, shop, basic_altar,
          nicolae_snake_gridmaze_squiggle, uniq_mara
Slime:1:  layout_caves
Slime:2:  layout_caves
Slime:3:  layout_caves, nicolae_slime_round_cave
Slime:4:  layout_caves, nicolae_slime_rock_hall_of_fame
Slime:5
Orc:1:    layout_diamond_mine, serial_shops, nicolae_shop_peninsula
Orc:2:    st_orc_elflike, layout_diamond_mine, serial_shops,
          nicolae_lakefront_shop, basic_altar, sword_in_stone
Elf:1:    eino_elf_arrival_shootout, layout_gridlike, serial_shops, shop,
          hangedman_elven_crosses_minicolossus, uniq_roxanne
Elf:2:    elven_hall_of_blades_hangedman_alternative
          [nicolae_blade_entry_antechamber], layout_loops_cross, serial_shops,
          nicolae_shop_hallway_plus, shop, shop, shop,
          nicolae_shop_just_a_little_nook, minivault_27, st_stairs_3
Elf:3:    minmay_elf_hall, layout_geoelf_castle, serial_shops,
          nicolae_shop_window_shopping, lemuel_flamethrower_3
Vaults:1: gammafunk_ghost_fury_of_okawaru, nicolae_vaults_apartment_1,
          vaults_room_boxed, ontoclasm_vaults_loading_screen,
          vaults_mumra_minichess, hangedman_vaults_hat, vaults_room_corners,
          nicolae_vaults_trapezoid_layered, nicolae_vaults_shrinking_rooms_2,
          grunt_vaults_diagonal, nicolae_vaults_little_squares_5,
          ontoclasm_vaults_hangar, nicolae_vaults_tetromino_T_1,
          nicolae_vaults_halls_meeting, layout_vaults_omnibox
Vaults:2: nicolae_vaults_network_quincunx
          [nicolae_vaults_network_quincunx_subvault,
          nicolae_vaults_network_quincunx_subvault,
          nicolae_vaults_network_quincunx_subvault,
          nicolae_vaults_network_quincunx_subvault,
          nicolae_vaults_network_quincunx_subvault], hangedman_vaults_slice,
          minmay_crypt_entry_necro_gods, hangedman_vaults_trim,
          nicolae_vaults_wrenched, vaults_dpeg_ring,
          nicolae_vaults_security_offices_2, ontoclasm_vaults_ring_large,
          vaults_mumra_lcd, hangedman_vaults_capsules, nicolae_vaults_cochlea,
          dpeg_vaults_monster_box, nicolae_vaults_rhombus_5,
          ontoclasm_vaults_ligature, ontoclasm_vaults_hangar,
          layout_vaults_maze_snakey
Vaults:3: hangedman_vaults_unwind, ontoclasm_vaults_pinch, v_misc_5,
          dpeg_vaults_pockets_of_resistance, nicolae_vaults_little_squares_6,
          vaults_standard_mumra_lines, v_misc_18, nicolae_vaults_weapon_check,
          vaults_room_fancy_cross, ontoclasm_vaults_hangar,
          layout_vaults_omnicross, uniq_margery
Vaults:4: nicolae_vaults_tetromino_L_2, v_misc_18, vaults_room_fours,
          nicolae_vaults_storage_closets_1, nicolae_vaults_specimen_jars,
          nicolae_vaults_apartment_2, nicolae_vaults_rhombus_5,
          hangedman_vaults_snaps, nicolae_vaults_sealed_display,
          layout_vaults_quadrants, serial_shops,
          nicolae_shop_bloodbath_and_beyond, uniq_jory
Vaults:5: serial_shops
Crypt:1:  layout_catacombs, serial_sigils_hangedman_quiver,
          lemuel_upstairs_altar
Crypt:2:  layout_regular_city
Crypt:3:  david_glass_crypt, layout_gridlike, tomb_entry_forgotten_bobbens,
          nrook_guardian_serpent_ordinary, grunt_megastairs_3, uniq_zenata,
          uniq_vv
Depths:1: layout_gridlike, enter_ziggurat_d, abyss_entry, hell_entry,
          glass_columns_a, gammafunk_ghost_arena, hex_intersection,
          kennysheep_donut, minmay_gold_behind_fungi, fountainhead,
          grunt_qazlal_clouds
Depths:2: minmay_guarded_unrand_sceptre_of_torment, layout_gridlike,
          pf_vacation_house_of_asmodeus, pan_entry,
          nicolae_ru_sacrificial_ziggurat, trove_entry_hex_spiral
Depths:3: wander_protected_by_tso, layout_gridville, hell_entry,
          serial_bayou_lagoon_a, serial_shops, nicolae_shop_hallway_stairs,
          hangedman_abyss_entry_splay, minmay_shoptagon,
          infiniplex_staircase_zigzag_1, uniq_enchantress
Depths:4: evilmike_zot_entry_argh, layout_honeycomb, serial_shops, shop,
          grunt_hell_horde, minmay_shop_star, uniq_parghit
Zot:1:    layout_misc_corridors
Zot:2:    layout_basic, grunt_ministairs_13, hangedman_elemental_corridor
Zot:3:    layout_gridlike
Zot:4:    layout_misc_corridors, gammafunk_ghost_split, grunt_ministairs_2,
          st_grand_hoard_of_tiamat
Zot:5:    layout_misc_corridors, nicolae_transporter_intersection

Skill      XL: |  1  2  3  4  5  6  7  8  9 10 11 12 13 14 15 16 17 18 19 20 21 22 23 24 25 26 27 |
---------------+----------------------------------------------------------------------------------+-----
Spellcasting   | 3 5 6 8 9 11 13 14 16 17 18 19 21 | 21.7
Fighting       | 4 6 7 8 10 12 13 15 17 19 20 | 20.3
Dodging        | 5 6 8 9 11 13 15 17 19 21 22 | 22.7
Stealth        | 2 4 5 7 |  7.9
Armour         | 2 4 5 9 13 22 | 22.7
Shields        | 2 5 7 9 10 12 15 22 | 22.7
Staves         | 4 6 |  6.5
Evocations     | 4 5 9 |  9.5

Action                     |  1- 3 |  4- 6 |  7- 9 | 10-12 | 13-15 | 16-18 | 19-21 | 22-24 | 25-27 || total
---------------------------+-------+-------+-------+-------+-------+-------+-------+-------+-------++-------
  Melee: Staff             |       |       |       |     1 |     5 |     1 |       |       |       ||     7
         Quarterstaff      |       |       |       |     1 |       |       |       |       |       ||     1
   Cast: Foxfire           |    46 |    44 |    79 |    69 |    40 |     1 |       |     2 |       ||   281
         Scorch            |     6 |    13 |    52 |   143 |   113 |    53 |       |     9 |       ||   389
         Summon Small Mamm |     3 |       |       |       |       |       |       |       |       ||     3
         Frozen Ramparts   |       |       |    15 |    41 |    38 |    28 |     2 |     8 |       ||   132
         Poisonous Vapours |       |       |     2 |    13 |    11 |     6 |     1 |    12 |       ||    45
         Flame Wave        |       |       |     3 |     4 |    26 |    21 |     2 |       |     3 ||    59
         Inner Flame       |       |       |     5 |    17 |    46 |     8 |       |       |       ||    76
         Ozocubu's Armour  |       |       |       |    12 |    12 |    16 |     7 |     9 |     4 ||    60
         Fireball          |       |       |       |    33 |    65 |    37 |     3 |     4 |     5 ||   147
         Volatile Blastmot |       |       |       |     1 |       |       |       |       |       ||     1
         Borgnjor's Vile C |       |       |       |       |    92 |    32 |    25 |    90 |    10 ||   249
         Summon Cactus Gia |       |       |       |       |    24 |    43 |    13 |    20 |    20 ||   120
         Plasma Beam       |       |       |       |       |       |   240 |   441 |   352 |   864 ||  1897
         Dragon Form       |       |       |       |       |       |       |     1 |       |     1 ||     2
         Necromutation     |       |       |       |       |       |       |     8 |     5 |   162 ||   175
         Spellforged Servi |       |       |       |       |       |       |       |     5 |   149 ||   154
         Summon Horrible T |       |       |       |       |       |       |       |       |    39 ||    39
         Chain Lightning   |       |       |       |       |       |       |       |       |    12 ||    12
 Invoke: Curse Item        |       |       |     3 |     4 |     4 |       |     3 |     2 |     1 ||    17
         Shatter the Chain |       |       |       |     1 |     1 |     1 |     2 |     2 |     1 ||     8
  Evoke: Wand              |       |       |       |       |       |       |       |       |     6 ||     6
         Tin of tremorston |       |       |       |       |       |       |       |       |     2 ||     2
         Box of beasts     |       |       |       |       |       |       |       |       |     1 ||     1
    Use: Scroll            |       |       |     1 |     1 |     2 |       |       |       |     1 ||     5
         Potion            |       |       |       |       |     4 |       |       |       |     4 ||     8
 Armour: Leather armour    |       |       |     6 |    49 |    33 |       |       |       |       ||    88
         Troll leather arm |       |       |       |       |    55 |    53 |    21 |    11 |    48 ||   188
  Dodge: Dodged            |     2 |     5 |    15 |    77 |   124 |   119 |    34 |    36 |   149 ||   561
  Block: Other             |       |       |       |    27 |    33 |       |       |       |       ||    60
         Reflection        |       |       |       |     1 |     3 |    18 |     9 |    31 |    13 ||    75
         Buckler           |       |       |       |       |    33 |    80 |     1 |       |       ||   114
         Kite shield       |       |       |       |       |       |       |    49 |    48 |    44 ||   141
         Tower shield      |       |       |       |       |       |       |       |       |   170 ||   170
